 Dungeon Crawl Stone Soup version 0.23.2-1-ga50397a (webtiles) character file.

Game seed: 16374627813912559818

3307 kae the Transmogrifier (level 9, -8/64 HPs)
             Began as a White Draconian Transmuter on May 18, 2019.
             Was a Believer of Makhleb.
             Mangled by a two-headed ogre
             ... wielding a +0 giant club
              (10 damage)
             ... on level 8 of the Dungeon.
             The game lasted 00:09:23 (7230 turns).

kae the Transmogrifier (White Draconian Transmuter) Turns: 7230, Time: 00:09:23

Health: -8/64      AC: 12    Str: 12    XL:     9   Next: 70%
Magic:  4/14       EV: 12    Int: 14    God:    Makhleb [**....]
Gold:   183        SH:  0    Dex: 15    Spells: 4/15 levels left

rFire    . . .     SeeInvis .     - Unarmed
rCold    + . .     Gourm    .   (shield currently unavailable)
rNeg     . . .     Faith    .   (armour unavailable)
rPois    .         Spirit   .   (helmet restricted)
rElec    .         Reflect  .   d - +2 cloak
rCorr    .         Harm     .   (gloves currently unavailable)
MR       +....                  m - +1 pair of boots
Stlth    +.........             j - amulet of regeneration
HPRegen  0.60/turn              w - ring of protection from magic
MPRegen  0.14/turn              (no ring)

@: blade hands, very slightly contaminated
A: breathe frost, unfitting armour, cold resistance 1, cold-blooded, AC +7
a: Breathe Frost, End Transformation, Minor Destruction, Renounce Religion


You were on level 8 of the Dungeon.
You worshipped Makhleb.
Makhleb was pleased with you.
You were not hungry.
You had blades for hands.
You visited 2 branches of the dungeon, and saw 9 of its levels.

You collected 463 gold pieces.
You spent 280 gold pieces at shops.

Inventory:

Missiles
 a - 83 arrows
Armour
 d - a +2 cloak (worn)
 m - a +1 pair of boots (worn)
 u - a +0 pair of gloves of dexterity (melded)
Jewellery
 b - an uncursed amulet of rage
 j - an amulet of regeneration (around neck)
 w - a ring of protection from magic (left scythe-like blade)
Wands
 g - a wand of paralysis (4)
 i - a wand of acid (5)
 k - a wand of digging (8)
 o - a wand of disintegration (9)
Scrolls
 f - 4 scrolls of fog
 h - 3 scrolls of teleportation
 l - a scroll of remove curse
 p - 2 scrolls of fear
 x - 2 scrolls of magic mapping
 C - a scroll of enchant armour
Potions
 e - a potion of magic
 n - 4 potions of curing
 q - a potion of brilliance
 r - a potion of ambrosia
 s - 3 potions of lignification
 t - 2 potions of might
 v - a potion of mutation {unknown}
 z - a potion of flight {unknown}
 A - a potion of heal wounds
 B - 2 potions of berserk rage
Comestibles
 c - 22 rations
 D - 3 chunks of flesh


   Skills:
 - Level 1.1 Fighting
 - Level 1.7 Dodging
 + Level 8.3 Unarmed Combat
 + Level 3.6 Spellcasting
 * Level 11.0 Transmutations


You had 4 spell levels left.
You knew the following spells:

 Your Spells              Type           Power        Failure   Level  Hunger
a - Beastly Appendage     Tmut           ####..       9%          1    None
b - Sticks to Snakes      Tmut           ####....     10%         2    ##.....
c - Spider Form           Tmut/Pois      ###.......   36%         3    ###....
d - Blade Hands           Tmut           ####......   36%         5    ######.

Your spell library contained the following spells:

 Spells                   Type           Power        Failure   Level  Hunger
 Ice Form                 Ice/Tmut       ###.....     65%         4    ####...


Dungeon Overview and Level Annotations

Branches:
Dungeon (8/15)             Temple (1/1) D:4
   Lair: D:8-11

Altars:
Ashenzari
Cheibriados
Dithmenos
Elyvilon
Fedhas
Gozag
Hepliaklqana
Kikubaaqudgha
Makhleb
Nemelex Xobeh
Okawaru
Qazlal
Sif Muna
Trog
Uskayaw
Wu Jian
Xom
Yredelemnul
Zin
The Shining One

Shops:
D:6 !

Annotations:
D:5 Menkaure
D:8 exclusion: two-headed ogre


Innate Abilities, Weirdness & Mutations

You can breathe waves of freezing cold.
You can buffet flying creatures when you breathe cold.
Your icy white scales are hard. (AC +7)
You cannot fit into any form of body armour.
Your flesh is cold resistant. (rC+)
You are cold-blooded and may be slowed by cold attacks.


Message History

Confirm with . or Enter, or press ? or * to list all spells.
You create a snake!
You now have 83 arrows.
The two-headed ogre hits you with a +0 giant club.
The two-headed ogre hits you with a +0 giant club!!
You hit the two-headed ogre.
The two-headed ogre is lightly wounded.
The two-headed ogre hits you with a +0 giant club.
The two-headed ogre closely misses you.
You hit the two-headed ogre.
The two-headed ogre is lightly wounded.
You barely miss the two-headed ogre.
The two-headed ogre is lightly wounded.
The two-headed ogre hits you with a +0 giant club!!
* * * LOW HITPOINT WARNING * * *
The two-headed ogre hits you with a +0 giant club!
* * * LOW HITPOINT WARNING * * *
You slice the two-headed ogre!!
The two-headed ogre is heavily wounded.
The two-headed ogre hits you with a +0 giant club!
You die...

.#........#............#
.#............#..#..##.#
.....#..............# .#
.#...#...##.#.......##.#
.#.......[[..#..........
##.[<#...##..#...#...###
..[<..[..........†......
................S#...###
.............#.#@#...#
..........#.##.#O....#
#.........#.##.#.........
........#.#.##.#...).....
...............#.#..#####
#..............#.#..#
#.......#.#....#.#?.#
#.........#....#.#..#
..........#....#. .>.


You could see a two-headed ogre and a friendly ball python.

Vanquished Creatures
  A human (D:7)
  Eustachio (D:5)
  4 hogs (D:7)
  2 orc warriors
  3 ice beasts
  4 ogres
  A phantom (D:5)
  4 bullfrogs
  A scorpion (D:4)
  6 wights
  2 crimson imps (D:6)
  A quasit (D:8)
  Crazy Yiuf (D:5)
  3 bullfrog skeletons
  A hound (D:8)
  3 iguanas
  2 jellies
  2 orc priests
  4 orc wizards
  A centaur skeleton (D:5)
  10 worker ants
  2 hound skeletons (D:5)
  4 adders
  An adder zombie (D:5)
  6 worms
  A dart slug (D:1)
  6 leopard geckos
  25 orcs
  9 giant cockroaches
  6 goblins
  5 hobgoblins
  13 jackals
  A quokka (D:2)
  2 ball pythons
  4 bats
  6 frilled lizards
  6 kobolds
  A leopard gecko skeleton (D:4)
  7 rats
162 creatures vanquished.

Vanquished Creatures (collateral kills)
  A frilled lizard (D:3)
1 creature vanquished.

Grand Total: 163 creatures vanquished

Notes
Turn   | Place    | Note
-------+----------+-------------------------------------------
     0 | D:1      | kae the Draconian Transmuter began the quest for the Orb.
     0 | D:1      | Reached XP level 1. HP: 16/16 MP: 3/3
   128 | D:1      | Reached XP level 2. HP: 10/23 MP: 3/5
   147 | D:1      | Learned a level 2 spell: Sticks to Snakes
   723 | D:1      | Reached skill level 3 in Transmutations
   936 | D:2      | Reached XP level 3. HP: 21/28 MP: 6/6
  1011 | D:1      | Learned a level 3 spell: Spider Form
  1533 | D:3      | Reached XP level 4. HP: 26/35 MP: 3/7
  1724 | D:3      | Found a bloodstained altar of Trog.
  1730 | D:3      | Found a glowing silver altar of Zin.
  1854 | D:3      | Reached skill level 4 in Transmutations
  2375 | D:4      | Reached XP level 5. HP: 37/40 MP: 8/8
  2439 | D:4      | Found a staircase to the Ecumenical Temple.
  2447 | D:4      | Noticed an ogre
  2649 | D:4      | Killed an ogre
  2649 | D:4      | Reached skill level 5 in Transmutations
  2649 | D:4      | Reached XP level 6. HP: 47/47 MP: 6/9
  2864 | D:4      | Reached skill level 6 in Transmutations
  2918 | D:4      | Reached skill level 5 in Unarmed Combat
  3202 | D:4      | Your scales start taking on an icy white colour.
  3202 | D:4      | Reached XP level 7. HP: 47/52 MP: 10/10
  3202 | D:4      | Gained mutation: Your flesh is cold resistant. (rC+) [White
                  | Draconian growth]
  3397 | D:5      | Entered Level 5 of the Dungeon
  3578 | D:5      | Reached skill level 7 in Transmutations
  3680 | D:5      | HP: 1/52 [ice beast (6)]
  3808 | Temple   | Entered the Ecumenical Temple
  4027 | Temple   | Became a worshipper of Makhleb the Destroyer
  4132 | D:5      | Noticed Menkaure
  4368 | D:5      | Noticed Eustachio
  4383 | D:5      | Killed Eustachio
  4383 | D:5      | Reached skill level 8 in Transmutations
  4383 | D:5      | Reached XP level 8. HP: 43/59 MP: 5/11
  4548 | D:5      | Found a runed translucent door.
  4549 | D:5      | Noticed Crazy Yiuf
  4659 | D:5      | Killed Crazy Yiuf
  4976 | D:6      | Learned a level 5 spell: Blade Hands
  5334 | D:6      | Reached skill level 9 in Transmutations
  5387 | D:6      | Reached * piety under Makhleb
  5616 | D:6      | Reached XP level 9. HP: 64/64 MP: 7/12
  5634 | D:6      | Found Xaco's Distillery.
  5640 | D:6      | Bought a potion of heal wounds for 70 gold pieces
  5640 | D:6      | Bought a potion of might for 56 gold pieces
  5640 | D:6      | Bought a potion of berserk rage for 70 gold pieces
  5640 | D:6      | Bought a potion of lignification for 42 gold pieces
  5640 | D:6      | Bought a potion of lignification for 42 gold pieces
  6176 | D:7      | Reached skill level 10 in Transmutations
  6812 | D:8      | Reached ** piety under Makhleb
  6956 | D:8      | Noticed a death knight
  7069 | D:8      | Noticed a two-headed ogre
  7195 | D:8      | Reached skill level 11 in Transmutations
  7229 | D:8      | HP: 1/64 [two-headed ogre/+0 giant club (8)]
  7230 | D:8      | Mangled by a two-headed ogre

Skill      XL: |  1  2  3  4  5  6  7  8  9 |
---------------+----------------------------+-----
Transmutations | 3 4 5 6 8 9 11 | 11.0
Unarmed Combat | 4 5 6 7 8 |  8.3
Spellcasting   | 3 |  3.6
Fighting       | |  1.1
Dodging        | |  1.7

Action                   |  1- 3 |  4- 6 |  7- 9 || total
-------------------------+-------+-------+-------++-------
Melee: Unarmed           |   145 |   130 |   357 ||   632
       Tailslap          |    11 |    10 |    44 ||    65
       Kick              |     6 |       |       ||     6
       Headbutt          |     4 |     6 |     1 ||    11
       Punch             |     1 |     3 |     6 ||    10
 Cast: Beastly Appendage |    16 |     6 |     3 ||    25
       Sticks to Snakes  |     5 |     1 |     3 ||     9
       Spider Form       |     1 |     6 |     9 ||    16
       Blade Hands       |       |       |     8 ||     8
  Use: Scroll            |     4 |     4 |     8 ||    16
       Potion            |       |       |     2 ||     2
 Stab: Sleeping          |     1 |     1 |     4 ||     6
       Distracted        |     2 |       |       ||     2
  Eat: Chunk             |     3 |     7 |    17 ||    27
Armor: Skin              |    70 |    33 |    84 ||   187
Dodge: Dodged            |   101 |   114 |   226 ||   441
